 Dungeon Sprint DCSS version 0.32-a0-872-g59262bdc9b (webtiles) character file.

Game seed: 12132253647355919106

2 Conn the Firebug (level 1, -3/16 HPs)
             Began as an Octopode Fire Elementalist on Mar 30, 2024.
             Was an Initiate of Sif Muna.
             Slain by a gnoll
             ... wielding a +1 heavy flail
              (19 damage)
             ... in the Dungeon (Sprint VII: "The Pits").
             The game lasted 00:00:40 (112 turns).

Conn the Firebug (Octopode Fire Elementalist)        Turns: 112, Time: 00:00:41

Health: -3/16      AC:  1    Str:  7    XL:     1   Next: 40%
Magic:  3/3        EV: 12    Int: 17    God:    Sif Muna [......]
Gold:   0          SH:  0    Dex: 12    Spells: 3/4 levels left

rFire   . . .        g - +2 falchion
rCold   . . .        (no shield)
rNeg    . . .        (helmet restricted)
rPois   .            (no amulet)
rElec   .            (no ring)
rCorr   .            (no ring)
SInv    .            (no ring)
Will    .....        (no ring) Stlth
                     (no ring)
HPRegen 0.22/turn    (no ring)
MPRegen 0.08/turn    (no ring)
                     (no ring)

%: no teleportation
@: berserking, very quick
A: almost no armour, amphibious, 8 rings, camouflage 1, gelatinous body 1,
(nimble swimmer 1), tentacles
a: Renounce Religion


You were in the Dungeon.
You worshipped Sif Muna.
Sif Muna was noncommittal.
You visited 1 branch

Inventory:

Hand Weapons
 g - a +2 falchion (weapon)
Scrolls
 f - a scroll of blinking
 i - 2 scrolls of vulnerability
 j - 5 scrolls of amnesia
 k - a scroll of summoning
Potions
 a - 5 potions of magic
 b - a potion of curing
 c - a potion of heal wounds
 d - a potion of haste
 e - 2 potions of berserk rage
 h - 2 potions of invisibility


   Skills:
 + Level 0.1 Long Blades
 + Level 2.1 Dodging
 + Level 2.8 Stealth
 * Level 2.4 Spellcasting
 * Level 1.1 Conjurations
 + Level 3.4 Fire Magic
 * Level 0.2 Invocations


You had 3 spell levels left.
You knew the following spells:

 Your Spells              Type           Power      Damage    Failure   Level
a - Foxfire               Conj/Fire      36%        2x1d5     8%          1

Your spell library contained the following spells:

 Spells                   Type           Power      Damage    Failure   Level
 Scorch                   Fire           26%        2d6       7%          2
 Inner Flame              Hex/Fire       7%         N/A       28%         3
 Volatile Blastmotes      Fire/Tloc      14%        2d11      28%         3
 Flame Wave               Conj/Fire      9%         2d6       58%         4


Dungeon Overview and Level Annotations

Branches:
Dungeon (1/1)

Altars:
Ashenzari
Cheibriados
Dithmenos
Elyvilon
Fedhas
Gozag
Hepliaklqana
Kikubaaqudgha
Makhleb
Nemelex Xobeh
Okawaru
Qazlal
Ru
Sif Muna
Trog
Uskayaw
Vehumet
Wu Jian
Xom
Yredelemnul
Zin
The Shining One
Beogh
Jiyva
Lugonu


Innate Abilities, Weirdness & Mutations

You cannot wear most types of armour.
You are amphibious.
You can wear up to eight rings at the same time.
Your skin changes colour to match your surroundings (Stealth+).
Your rubbery body absorbs attacks. (AC +1, EV +1)
((You are camouflaged when in or above water. (Stealth+)))
You have tentacles for arms and can constrict up to eight enemies at once.


Message History

You open the door.
Found five altars.
Found fourteen altars.
There is an open door to the Temple (Safe) here.
Found three altars.
There is a bloodstained altar of Trog here.
Found three altars.
There is a shimmering blue altar of Sif Muna here.
You curl up in front of the altar of Sif Muna.
Sif Muna welcomes you!
There is a sacrificial altar of Ru here.
There is a stormy altar of Qazlal here.
There is a sacrificial altar of Ru here.
There is a shimmering blue altar of Sif Muna here.
There is an open door to the Temple (Safe) here.
You open the door.
A giant cockroach comes into view.
You hit the giant cockroach. You grab the giant cockroach.
You squeeze the giant cockroach, but do no damage.
The giant cockroach is moderately wounded.
You constrict the giant cockroach. The giant cockroach misses you.
The giant cockroach bites you.
You hit the giant cockroach.
You kill the giant cockroach!
Sif Muna accepts your kill.
You start resting.
HP restored.
A gnoll comes into view. It is wielding a +1 heavy flail.
There is an open door here.
Casting: Foxfire (safe; 8% risk of failure)
Confirm with . or Enter, or press ? or * to list all spells.
Okay, then.
A red film seems to cover your vision as you go berserk!
You feel yourself moving faster!
You feel mighty!
You barely miss the gnoll. You grab the gnoll. You squeeze the gnoll.
The gnoll is moderately wounded.
You constrict the gnoll.
The gnoll hits you with a +1 heavy flail!!
Ouch! That really hurt!
You die...

############
#_________.#
#_________.#
#_______...###########++
##########'##...........
#..(.')))'.##......#..#.
##########.##...........
#.......g@..'...........
+#####'#####......#..#.
#...g.##...........
#####+#####'#####++
#.......# #.......#
#.......# #...<...#
#.......#


You could see a gnoll.

Vanquished Creatures
  2 giant cockroaches (D)
2 creatures vanquished.

Vanquished Creatures (others)
  5 foxfires (D)
5 creatures vanquished.

Grand Total: 7 creatures vanquished

Notes
Turn   | Place    | Note
-------+----------+-------------------------------------------
     0 | D        | Conn the Octopode Fire Elementalist began the quest for the
                  | Orb.
     0 | D        | Reached XP level 1. HP: 11/11 MP: 3/3
    79 | D        | Found a bloodstained altar of Trog.
    79 | D        | Found a shimmering blue altar of Sif Muna.
    79 | D        | Found a viscous altar of Jiyva.
    79 | D        | Found a hazy altar of Hepliaklqana.
    79 | D        | Found an opulent altar of Gozag.
    80 | D        | Found a glowing golden altar of the Shining One.
    80 | D        | Found a glowing silver altar of Zin.
    80 | D        | Found a basalt altar of Yredelemnul.
    80 | D        | Found a shimmering altar of Xom.
    80 | D        | Found an ornate altar of the Wu Jian Council.
    80 | D        | Found a sacrificial altar of Ru.
    80 | D        | Found a stormy altar of Qazlal.
    80 | D        | Found an iron altar of Okawaru.
    80 | D        | Found a sparkling altar of Nemelex Xobeh.
    80 | D        | Found a burning altar of Makhleb.
    80 | D        | Found a blossoming altar of Fedhas.
    80 | D        | Found a white marble altar of Elyvilon.
    80 | D        | Found a shadowy altar of Dithmenos.
    80 | D        | Found a snail-covered altar of Cheibriados.
    82 | D        | Found a corrupted altar of Lugonu.
    82 | D        | Found a radiant altar of Vehumet.
    82 | D        | Found a roughly hewn altar of Beogh.
    83 | D        | Found an ancient bone altar of Kikubaaqudgha.
    83 | D        | Found a hide-covered altar of Uskayaw.
    83 | D        | Found a broken altar of Ashenzari.
    84 | D        | Became a worshipper of Sif Muna the Loreminder
   112 | D        | Slain by a gnoll

Illustrated notes

Levels and vault maps discovered:
D:        pitsprint [storerooms_1, entrance_room_1, metal_vault_4, armoury_3,
          mini_pit_1, grid_room_1, main_hall_1, silver_pit, the_coven_3,
          the_vestibule_1, steel_vault_2, golden_pit, hallway_of_sentries,
          crystal_vault_6, iron_vault_2, final_vault]

Action                     || total
---------------------------++-------
  Melee: Falchion          ||     3
         Constrict         ||     2
         Tentacles         ||     2
   Cast: Foxfire           ||     3
    Use: Potion            ||     1
 Armour: Skin              ||     2
  Dodge: Dodged            ||     1

Table legend: (Time is in decaauts)
 A = Elapsed time spent in this place.
 B = Non-inter-level travel time spent in this place.
 C = Inter-level travel time spent in this place.
 D = Time resting spent in this place.
 E = Time spent auto-exploring this place.
 F = Levels seen in this place.
 G = Mean time per level.
                   A        B        C        D        E       F      G
               +--------+--------+--------+--------+--------+-----+--------+
         Total |    112 |    112 |      0 |     35 |      0 |   1 |  112.0 |
       Dungeon |    112 |    112 |      0 |     35 |      0 |   1 |  112.0 |
               +--------+--------+--------+--------+--------+-----+--------+

Top non-repeatable levels by time:
       D: 112 daAuts
